2656 views
Uploaded 2021-09-07 03:35:56
Game version 1.32.10
15:27 long 4on4 ladder game on (8)Feralas_LV
Saved by Teelo
2656 views
Uploaded 2021-09-07 03:35:56
Game version 1.32.10
15:27 long 4on4 ladder game on (8)Feralas_LV


160 units @ 23k
/ 2.9k
71 buildings @ 10.4k
/ 4.3k

| Lesser Clarity Potion | 1 | 70 |
| Scroll of Regeneration | 2 | 200 |
| Scroll of Town Portal | 1 | 350 |
| total: | 4 | 620g |
| Peasant | 10 | 750 | / | 0 |
| Rifleman | 17 | 3485 | / | 510 |
| Spell Breaker | 10 | 2150 | / | 300 |
| total: | 37 | 6385g | / | 810w |
| Scout Tower | 2 | 60 | / | 40 |
| Altar of Kings | 1 | 180 | / | 50 |
| Farm | 10 | 800 | / | 200 |
| Barracks | 1 | 160 | / | 60 |
| Blacksmith | 1 | 140 | / | 60 |
| Arcane Vault | 1 | 130 | / | 30 |
| Arcane Sanctum | 1 | 150 | / | 140 |
| Keep | 1 | 320 | / | 210 |
| total: | 17 | 1620g | / | 580w |
| 0:03 | Peasant |
| 0:04 | Peasant |
| 0:08 | Altar of Kings |
| 0:12 | Farm |
| 0:28 | Peasant |
| 0:39 | Barracks |
| 0:49 | Peasant |
| 0:50 | Peasant |
| 0:54 | Farm |
| 1:11 | Peasant |
| 1:39 | Peasant |
| 1:39 | Peasant |
| 1:50 | Peasant |
| 1:57 | Blacksmith |
| 2:04 | Farm |
| 2:05 | Peasant |
| 2:15 | Arcane Vault |
| 2:21 | Summon Water Elemental |
| 3:27 | Keep |
| 3:28 | Rifleman |
| 3:28 | Rifleman |
| 3:33 | Farm |
| 4:00 | Rifleman |
| 4:36 | Brilliance Aura |
| 4:38 | Rifleman |
| 4:45 | Farm |
| 4:47 | Rifleman |
| 4:51 | Lesser Clarity Potion |
| 4:52 | Scroll of Regeneration |
| 5:09 | Rifleman |
| 5:32 | Rifleman |
| 5:36 | Farm |
| 6:27 | Rifleman |
| 6:28 | Long Rifles |
| 7:18 | Rifleman |
| 7:20 | Arcane Sanctum |
| 7:54 | Rifleman |
| 7:55 | Scroll of Town Portal |
| 8:04 | Rifleman |
| 9:44 | Scout Tower |
| 9:44 | Scout Tower |
| 9:47 | Rifleman |
| 9:50 | Spell Breaker |
| 9:50 | Spell Breaker |
| 9:50 | Spell Breaker |
| 9:50 | Spell Breaker |
| 10:13 | Rifleman |
| 10:22 | Farm |
| 10:22 | Farm |
| 11:17 | Summon Water Elemental |
| 11:49 | Rifleman |
| 11:49 | Rifleman |
| 11:50 | Spell Breaker |
| 11:50 | Spell Breaker |
| 11:51 | Spell Breaker |
| 11:56 | Farm |
| 11:56 | Farm |
| 12:16 | Brilliance Aura |
| 13:13 | Rifleman |
| 13:13 | Rifleman |
| 13:15 | Scroll of Regeneration |
| 13:30 | Spell Breaker |
| 14:24 | Spell Breaker |
| 14:24 | Spell Breaker |
| 15:07 | Summon Water Elemental |
| Chat | 482 |
| Right click | 315 |
| Select | 125 |
| Misc. action | 84 |
| Build/train/purchase | 77 |
| Select group | 32 |
| Assign group | 24 |
| Use ability | 5 |

| Lesser Clarity Potion | 5 | 350 |
| Potion of Mana | 1 | 200 |
| Staff of Teleportation | 1 | 150 |
| total: | 7 | 700g |
| Wisp | 39 | 2340 | / | 0 |
| Chimaera | 13 | 4290 | / | 910 |
| total: | 52 | 6630g | / | 910w |
| Ancient Protector | 11 | 1485 | / | 880 |
| Altar of Elders | 1 | 180 | / | 50 |
| Moon Well | 8 | 1440 | / | 320 |
| Hunter's Hall | 1 | 210 | / | 100 |
| Ancient of Wonders | 1 | 90 | / | 30 |
| Tree of Life | 1 | 340 | / | 185 |
| Chimaera Roost | 4 | 560 | / | 760 |
| Tree of Ages | 1 | 320 | / | 180 |
| Tree of Eternity | 1 | 330 | / | 200 |
| total: | 27 | 4305g | / | 2325w |
| 0:01 | Wisp |
| 0:02 | Wisp |
| 0:02 | Wisp |
| 0:02 | Wisp |
| 0:18 | Altar of Elders |
| 0:32 | Moon Well |
| 0:46 | Wisp |
| 1:24 | Hunter's Hall |
| 1:31 | Wisp |
| 1:31 | Wisp |
| 1:38 | Ancient of Wonders |
| 1:55 | Wisp |
| 1:55 | Wisp |
| 1:55 | Wisp |
| 2:12 | Moon Well |
| 2:26 | Force of Nature |
| 2:46 | Ancient Protector |
| 3:05 | Wisp |
| 3:27 | Tree of Ages |
| 3:34 | Lesser Clarity Potion |
| 3:34 | Lesser Clarity Potion |
| 4:05 | Strength of the Wild |
| 4:05 | Reinforced Hides |
| 4:28 | Thorns Aura |
| 5:10 | Tree of Life |
| 5:32 | Ancient Protector |
| 5:32 | Ancient Protector |
| 5:33 | Ancient Protector |
| 5:34 | Ancient Protector |
| 5:53 | Wisp |
| 5:53 | Wisp |
| 5:53 | Wisp |
| 5:53 | Wisp |
| 5:56 | Lesser Clarity Potion |
| 5:56 | Lesser Clarity Potion |
| 6:16 | Ancient Protector |
| 6:17 | Ancient Protector |
| 6:18 | Wisp |
| 6:18 | Wisp |
| 6:18 | Wisp |
| 6:57 | Ancient Protector |
| 6:58 | Ancient Protector |
| 7:01 | Wisp |
| 7:01 | Wisp |
| 7:14 | Ancient Protector |
| 7:16 | Wisp |
| 7:16 | Wisp |
| 7:16 | Wisp |
| 7:16 | Wisp |
| 7:17 | Wisp |
| 7:22 | Wisp |
| 7:38 | Ancient Protector |
| 8:06 | Wisp |
| 8:06 | Wisp |
| 8:09 | Moon Well |
| 9:06 | Tree of Eternity |
| 9:21 | Force of Nature |
| 10:01 | Improved Strength of the Wild |
| 10:01 | Improved Reinforced Hides |
| 10:04 | Wisp |
| 10:04 | Wisp |
| 10:05 | Wisp |
| 10:05 | Wisp |
| 10:21 | Lesser Clarity Potion |
| 10:21 | Potion of Mana |
| 10:28 | Moon Well |
| 10:28 | Moon Well |
| 10:29 | Moon Well |
| 10:29 | Moon Well |
| 10:40 | Ultravision |
| 11:30 | Advanced Strength of the Wild |
| 11:36 | Chimaera Roost |
| 11:42 | Wisp |
| 11:42 | Wisp |
| 11:43 | Wisp |
| 11:48 | Chimaera Roost |
| 12:44 | Chimaera Roost |
| 12:45 | Chimaera Roost |
| 13:14 | Chimaera |
| 13:14 | Chimaera |
| 13:36 | Staff of Teleportation |
| 13:45 | Advanced Reinforced Hides |
| 13:47 | Wisp |
| 13:47 | Wisp |
| 13:52 | Moon Well |
| 13:59 | Chimaera |
| 14:00 | Chimaera |
| 14:10 | Chimaera |
| 14:11 | Chimaera |
| 14:18 | Chimaera |
| 14:18 | Chimaera |
| 14:21 | Wisp |
| 14:21 | Wisp |
| 14:47 | Chimaera |
| 14:48 | Chimaera |
| 14:54 | Thorns Aura |
| 15:17 | Corrosive Breath |
| 15:18 | Chimaera |
| 15:19 | Chimaera |
| 15:20 | Chimaera |
| Select group | 325 |
| Right click | 313 |
| Select | 146 |
| Build/train/purchase | 83 |
| Assign group | 82 |
| Chat | 66 |
| Misc. action | 65 |
| Use ability | 26 |
| Resource trade | 5 |
| Item give/drop | 1 |

| Rod of Necromancy | 2 | 300 |
| Sacrificial Skull | 1 | 50 |
| Ritual Dagger | 1 | 125 |
| Potion of Healing | 2 | 300 |
| Potion of Mana | 2 | 400 |
| Scroll of Town Portal | 2 | 700 |
| Potion of Lesser Invulnerability | 2 | 300 |
| total: | 12 | 2175g |
| Acolyte | 8 | 600 | / | 0 |
| Ghoul | 11 | 1320 | / | 0 |
| Gargoyle | 22 | 3850 | / | 660 |
| Obsidian Statue | 5 | 1000 | / | 175 |
| total: | 46 | 6770g | / | 835w |
| Nerubian Tower | 1 | 100 | / | 20 |
| Spirit Tower | 2 | 290 | / | 80 |
| Ziggurat | 8 | 1200 | / | 400 |
| Crypt | 2 | 400 | / | 100 |
| Altar of Darkness | 1 | 180 | / | 50 |
| Tomb of Relics | 1 | 130 | / | 30 |
| Graveyard | 1 | 215 | / | 0 |
| Necropolis | 1 | 225 | / | 0 |
| Slaughterhouse | 1 | 140 | / | 135 |
| Halls of the Dead | 2 | 640 | / | 420 |
| Black Citadel | 1 | 325 | / | 230 |
| total: | 15 | 2490g | / | 715w |
| 0:07 | Acolyte |
| 0:07 | Acolyte |
| 0:13 | Ziggurat |
| 0:15 | Crypt |
| 0:37 | Crypt |
| 0:55 | Acolyte |
| 1:08 | Ziggurat |
| 1:20 | Ghoul |
| 1:33 | Altar of Darkness |
| 1:57 | Ghoul |
| 2:11 | Tomb of Relics |
| 2:21 | Ghoul |
| 2:33 | Ghoul |
| 2:34 | Ghoul |
| 2:37 | Ghoul |
| 2:53 | Ghoul |
| 2:53 | Ghoul |
| 3:05 | Ziggurat |
| 3:40 | Vampiric Aura |
| 3:41 | Rod of Necromancy |
| 3:43 | Sacrificial Skull |
| 4:02 | Ghoul |
| 4:04 | Ghoul |
| 4:46 | Carrion Swarm |
| 4:56 | Ghoul |
| 4:58 | Ziggurat |
| 5:00 | Ziggurat |
| 5:02 | Ziggurat |
| 5:29 | Graveyard |
| 5:35 | Ziggurat |
| 6:01 | Carrion Swarm |
| 6:11 | Ritual Dagger |
| 6:19 | Halls of the Dead |
| 6:22 | Nerubian Tower |
| 6:25 | Rod of Necromancy |
| 6:54 | Spirit Tower |
| 7:09 | Necropolis |
| 7:29 | Ziggurat |
| 7:36 | Potion of Lesser Invulnerability |
| 8:30 | Sleep |
| 8:43 | Gargoyle |
| 8:43 | Gargoyle |
| 8:52 | Slaughterhouse |
| 8:56 | Acolyte |
| 8:56 | Acolyte |
| 8:56 | Acolyte |
| 8:57 | Acolyte |
| 9:50 | Acolyte |
| 9:51 | Spirit Tower |
| 10:00 | Gargoyle |
| 10:02 | Obsidian Statue |
| 10:29 | Scroll of Town Portal |
| 10:30 | Potion of Healing |
| 10:30 | Potion of Mana |
| 10:35 | Potion of Mana |
| 10:42 | Obsidian Statue |
| 10:42 | Obsidian Statue |
| 10:56 | Potion of Lesser Invulnerability |
| 11:14 | Gargoyle |
| 11:16 | Gargoyle |
| 11:16 | Gargoyle |
| 11:16 | Gargoyle |
| 11:37 | Gargoyle |
| 11:37 | Gargoyle |
| 11:37 | Gargoyle |
| 11:48 | Gargoyle |
| 11:48 | Gargoyle |
| 11:48 | Gargoyle |
| 12:05 | Carrion Swarm |
| 12:49 | Gargoyle |
| 12:57 | Scroll of Town Portal |
| 13:01 | Black Citadel |
| 13:03 | Potion of Healing |
| 13:12 | Creature Attack |
| 13:12 | Creature Carapace |
| 13:45 | Gargoyle |
| 13:45 | Gargoyle |
| 13:46 | Gargoyle |
| 13:51 | Inferno |
| 14:10 | Obsidian Statue |
| 14:57 | Gargoyle |
| 14:58 | Gargoyle |
| 14:58 | Gargoyle |
| 14:58 | Gargoyle |
| 14:58 | Gargoyle |
| 15:17 | Obsidian Statue |
| Right click | 460 |
| Chat | 266 |
| Select group | 224 |
| Select | 184 |
| Build/train/purchase | 112 |
| Assign group | 24 |
| Use ability | 20 |
| Minimap ping | 8 |
| Item give/drop | 6 |
| Misc. action | 2 |


| Healing Salve | 4 | 400 |
| Potion of Healing | 1 | 150 |
| Lesser Clarity Potion | 1 | 70 |
| Scroll of Speed | 1 | 50 |
| Dust of Appearance | 1 | 75 |
| Scroll of Town Portal | 1 | 350 |
| total: | 9 | 1095g |
| Peon | 13 | 975 | / | 0 |
| Grunt | 4 | 800 | / | 0 |
| Raider | 8 | 1440 | / | 320 |
| total: | 25 | 3215g | / | 320w |
| Altar of Storms | 1 | 180 | / | 50 |
| Orc Burrow | 6 | 960 | / | 240 |
| Barracks | 1 | 180 | / | 50 |
| Voodoo Lounge | 1 | 130 | / | 30 |
| War Mill | 1 | 205 | / | 0 |
| Beastiary | 2 | 290 | / | 280 |
| Stronghold | 1 | 315 | / | 190 |
| Fortress | 1 | 325 | / | 190 |
| total: | 12 | 1945g | / | 650w |
| 0:01 | Peon |
| 0:01 | Peon |
| 0:05 | Altar of Storms |
| 0:12 | Orc Burrow |
| 0:14 | Peon |
| 0:38 | Barracks |
| 0:45 | Peon |
| 0:59 | Peon |
| 0:59 | Peon |
| 1:25 | Orc Burrow |
| 1:36 | Voodoo Lounge |
| 1:39 | Peon |
| 1:44 | Grunt |
| 1:52 | Peon |
| 1:59 | Peon |
| 2:16 | Critical Strike |
| 2:23 | Grunt |
| 2:44 | Grunt |
| 3:10 | Stronghold |
| 3:14 | Wind Walk |
| 3:23 | Healing Salve |
| 3:26 | Healing Salve |
| 4:17 | Orc Burrow |
| 4:20 | War Mill |
| 4:49 | Wind Walk |
| 5:32 | Pillage |
| 5:33 | Steel Melee Weapons |
| 5:35 | Beastiary |
| 5:37 | Beastiary |
| 7:03 | Potion of Healing |
| 7:08 | Lesser Clarity Potion |
| 7:18 | Ensnare |
| 7:18 | Raider |
| 7:19 | Critical Strike |
| 7:23 | Peon |
| 7:23 | Peon |
| 8:06 | Raider |
| 8:19 | Grunt |
| 8:58 | Raider |
| 9:10 | Raider |
| 9:15 | Orc Burrow |
| 9:48 | Thorium Melee Weapons |
| 9:52 | Orc Burrow |
| 10:17 | Dust of Appearance |
| 10:52 | Raider |
| 10:53 | Steel Armor |
| 12:24 | Fortress |
| 12:56 | Scroll of Town Portal |
| 12:56 | Healing Salve |
| 12:56 | Healing Salve |
| 13:20 | Raider |
| 13:29 | Scroll of Speed |
| 13:37 | Healing Wave |
| 14:06 | Raider |
| 15:15 | Raider |
| 15:16 | Peon |
| 15:17 | Peon |
| 15:20 | Orc Burrow |
| Right click | 772 |
| Select | 288 |
| Select group | 108 |
| Build/train/purchase | 67 |
| Chat | 42 |
| Misc. action | 30 |
| Use ability | 28 |
| Assign group | 17 |
| Minimap ping | 4 |
| Esc | 3 |
| Item give/drop | 1 |
118 units @ 12.2k
/ 1k
96 buildings @ 13k
/ 6.2k

| Scroll of Regeneration | 4 | 400 |
| Lesser Clarity Potion | 2 | 140 |
| Ivory Tower | 3 | 120 |
| Boots of Speed | 1 | 250 |
| Staff of Teleportation | 1 | 150 |
| Healing Salve | 1 | 100 |
| total: | 12 | 1160g |
| Peasant | 20 | 1500 | / | 0 |
| Sorceress | 2 | 310 | / | 40 |
| Priest | 1 | 135 | / | 10 |
| total: | 23 | 1945g | / | 50w |
| Scout Tower | 10 | 300 | / | 200 |
| Arcane Tower | 2 | 140 | / | 100 |
| Guard Tower | 8 | 560 | / | 400 |
| Altar of Kings | 1 | 180 | / | 50 |
| Farm | 9 | 720 | / | 180 |
| Arcane Vault | 3 | 390 | / | 90 |
| Town Hall | 1 | 385 | / | 205 |
| Lumber Mill | 2 | 240 | / | 0 |
| Blacksmith | 2 | 280 | / | 120 |
| Arcane Sanctum | 2 | 300 | / | 280 |
| Gryphon Aviary | 1 | 140 | / | 150 |
| Keep | 2 | 640 | / | 420 |
| Castle | 1 | 360 | / | 210 |
| total: | 31 | 2935g | / | 1275w |
| 0:08 | Peasant |
| 0:08 | Peasant |
| 0:16 | Altar of Kings |
| 0:20 | Farm |
| 0:22 | Scout Tower |
| 0:29 | Peasant |
| 0:29 | Peasant |
| 0:56 | Arcane Tower |
| 1:04 | Peasant |
| 1:26 | Peasant |
| 1:26 | Peasant |
| 1:27 | Farm |
| 1:35 | Peasant |
| 1:59 | Blizzard |
| 2:01 | Peasant |
| 2:14 | Peasant |
| 2:25 | Arcane Vault |
| 2:47 | Peasant |
| 2:47 | Peasant |
| 2:48 | Brilliance Aura |
| 3:05 | Peasant |
| 3:05 | Peasant |
| 3:12 | Scroll of Regeneration |
| 3:29 | Town Hall |
| 3:30 | Scout Tower |
| 4:09 | Arcane Tower |
| 4:25 | Lumber Mill |
| 4:27 | Lumber Mill |
| 4:30 | Scroll of Regeneration |
| 4:38 | Lesser Clarity Potion |
| 4:45 | Scout Tower |
| 5:17 | Guard Tower |
| 5:21 | Boots of Speed |
| 5:22 | Staff of Teleportation |
| 5:28 | Scout Tower |
| 5:30 | Scout Tower |
| 5:32 | Scout Tower |
| 5:34 | Farm |
| 5:36 | Improved Masonry |
| 5:52 | Guard Tower |
| 5:52 | Guard Tower |
| 5:58 | Guard Tower |
| 7:31 | Scout Tower |
| 7:34 | Keep |
| 7:36 | Scout Tower |
| 7:38 | Arcane Vault |
| 7:42 | Peasant |
| 7:42 | Peasant |
| 7:42 | Peasant |
| 7:42 | Peasant |
| 8:00 | Guard Tower |
| 8:02 | Guard Tower |
| 8:45 | Keep |
| 8:47 | Farm |
| 8:51 | Blacksmith |
| 9:01 | Improved Lumber Harvesting |
| 9:32 | Scroll of Regeneration |
| 9:32 | Lesser Clarity Potion |
| 9:40 | Farm |
| 10:43 | Farm |
| 10:59 | Blizzard |
| 11:03 | Scroll of Regeneration |
| 11:18 | Arcane Sanctum |
| 11:23 | Castle |
| 11:25 | Advanced Masonry |
| 11:32 | Scout Tower |
| 11:33 | Scout Tower |
| 11:35 | Arcane Vault |
| 11:38 | Arcane Sanctum |
| 12:30 | Ivory Tower |
| 12:30 | Ivory Tower |
| 12:30 | Ivory Tower |
| 12:51 | Sorceress Adept Training |
| 12:52 | Sorceress |
| 12:52 | Priest |
| 12:54 | Priest Adept Training |
| 13:29 | Blacksmith |
| 14:06 | Guard Tower |
| 14:09 | Advanced Lumber Harvesting |
| 14:13 | Peasant |
| 14:13 | Peasant |
| 14:21 | Gryphon Aviary |
| 14:28 | Healing Salve |
| 14:40 | Farm |
| 15:03 | Guard Tower |
| 15:05 | Sorceress |
| 15:07 | Imbued Masonry |
| 15:09 | Priest Master Training |
| 15:22 | Farm |
| 15:24 | Farm |
| Select | 952 |
| Right click | 636 |
| Build/train/purchase | 94 |
| Misc. action | 58 |
| Use ability | 30 |
| Select group | 27 |
| Minimap ping | 27 |
| Assign group | 9 |
| Remove unit | 3 |
| Esc | 3 |
| Item give/drop | 1 |

| Healing Salve | 1 | 100 |
| total: | 1 | 100g |
| Peon | 22 | 1650 | / | 0 |
| Tauren | 5 | 1400 | / | 400 |
| total: | 27 | 3050g | / | 400w |
| Watch Tower | 11 | 1210 | / | 880 |
| Orc Burrow | 8 | 1280 | / | 320 |
| Altar of Storms | 1 | 180 | / | 50 |
| War Mill | 1 | 205 | / | 0 |
| Voodoo Lounge | 1 | 130 | / | 30 |
| Great Hall | 1 | 385 | / | 185 |
| Tauren Totem | 3 | 405 | / | 465 |
| Stronghold | 1 | 315 | / | 190 |
| Fortress | 1 | 325 | / | 190 |
| total: | 26 | 3795g | / | 1930w |
| 0:02 | Peon |
| 0:02 | Peon |
| 0:02 | Peon |
| 0:05 | Orc Burrow |
| 0:19 | Peon |
| 0:19 | Peon |
| 0:19 | Peon |
| 0:27 | Peon |
| 0:36 | Peon |
| 0:41 | Peon |
| 2:17 | Stronghold |
| 2:21 | Altar of Storms |
| 2:28 | Orc Burrow |
| 3:23 | Orc Burrow |
| 3:27 | War Mill |
| 3:32 | Orc Burrow |
| 4:11 | Voodoo Lounge |
| 4:21 | Orc Burrow |
| 4:35 | Serpent Ward |
| 4:38 | Fortress |
| 4:45 | Tauren Totem |
| 4:50 | Tauren Totem |
| 5:22 | Tauren Totem |
| 6:14 | Spirit Walker Adept Training |
| 7:04 | Tauren |
| 7:34 | Tauren |
| 7:39 | Pulverize |
| 7:55 | Tauren |
| 8:04 | Peon |
| 8:05 | Peon |
| 8:05 | Peon |
| 8:05 | Peon |
| 8:06 | Peon |
| 8:42 | Healing Wave |
| 9:08 | Great Hall |
| 9:19 | Orc Burrow |
| 9:21 | Orc Burrow |
| 9:23 | Orc Burrow |
| 9:34 | Reinforced Defenses |
| 9:35 | Steel Melee Weapons |
| 9:35 | Steel Armor |
| 9:37 | Peon |
| 9:39 | Peon |
| 10:16 | Spirit Walker Master Training |
| 11:01 | Watch Tower |
| 11:02 | Watch Tower |
| 11:03 | Watch Tower |
| 11:10 | Watch Tower |
| 11:59 | Serpent Ward |
| 12:14 | Peon |
| 12:15 | Peon |
| 12:15 | Peon |
| 12:15 | Peon |
| 12:15 | Peon |
| 12:34 | Peon |
| 12:39 | Healing Salve |
| 12:52 | Backpack |
| 12:55 | Watch Tower |
| 12:59 | Watch Tower |
| 13:03 | Watch Tower |
| 13:09 | Watch Tower |
| 13:16 | Spiked Barricades |
| 13:17 | Thorium Melee Weapons |
| 13:17 | Thorium Armor |
| 13:24 | Tauren |
| 13:41 | Watch Tower |
| 13:49 | Watch Tower |
| 14:07 | Watch Tower |
| 14:17 | Tauren |
| Select | 185 |
| Right click | 170 |
| Build/train/purchase | 46 |
| Select group | 36 |
| Assign group | 21 |
| Use ability | 20 |
| Chat | 18 |
| Misc. action | 4 |
| Remove unit | 3 |



| Lesser Clarity Potion | 3 | 210 |
| Healing Salve | 2 | 200 |
| Scroll of Speed | 1 | 50 |
| Tiny Great Hall | 1 | 600 |
| Orb of Lightning | 2 | 750 |
| Potion of Mana | 1 | 200 |
| Potion of Healing | 2 | 300 |
| Scroll of Town Portal | 1 | 350 |
| total: | 13 | 2660g |
| Peon | 24 | 1800 | / | 0 |
| Grunt | 1 | 200 | / | 0 |
| Troll Headhunter | 5 | 700 | / | 100 |
| Troll Berserker | 3 | 420 | / | 60 |
| Wind Rider | 2 | 530 | / | 80 |
| Shaman | 1 | 130 | / | 20 |
| total: | 36 | 3780g | / | 260w |
| Watch Tower | 9 | 990 | / | 720 |
| Altar of Storms | 1 | 180 | / | 50 |
| Barracks | 1 | 180 | / | 50 |
| Orc Burrow | 5 | 800 | / | 200 |
| War Mill | 1 | 205 | / | 0 |
| Voodoo Lounge | 1 | 130 | / | 30 |
| Great Hall | 1 | 385 | / | 185 |
| Beastiary | 3 | 435 | / | 420 |
| Spirit Lodge | 1 | 150 | / | 150 |
| Stronghold | 1 | 315 | / | 190 |
| Fortress | 2 | 650 | / | 380 |
| total: | 23 | 3455g | / | 1805w |
| 0:10 | Peon |
| 0:11 | Peon |
| 0:11 | Peon |
| 0:11 | Peon |
| 1:28 | Peon |
| 1:29 | Peon |
| 1:29 | Peon |
| 1:34 | Altar of Storms |
| 1:36 | Barracks |
| 1:38 | Orc Burrow |
| 1:45 | War Mill |
| 1:47 | Peon |
| 1:47 | Peon |
| 1:47 | Peon |
| 2:49 | Grunt |
| 2:56 | Orc Burrow |
| 3:02 | Orc Burrow |
| 3:06 | Voodoo Lounge |
| 3:17 | Orc Burrow |
| 3:45 | Feral Spirit |
| 4:06 | Peon |
| 4:23 | Troll Headhunter |
| 4:28 | Stronghold |
| 4:41 | Troll Headhunter |
| 4:44 | Orc Burrow |
| 4:46 | Steel Ranged Weapons |
| 4:46 | Steel Armor |
| 5:17 | Great Hall |
| 5:34 | Troll Headhunter |
| 5:40 | Watch Tower |
| 5:42 | Chain Lighting |
| 6:11 | Troll Headhunter |
| 6:17 | Lesser Clarity Potion |
| 6:17 | Healing Salve |
| 6:17 | Lesser Clarity Potion |
| 6:18 | Scroll of Speed |
| 6:37 | Troll Headhunter |
| 6:57 | Reinforced Defenses |
| 7:04 | Watch Tower |
| 7:18 | Fortress |
| 8:25 | Peon |
| 8:25 | Peon |
| 8:30 | Thorium Armor |
| 8:59 | Peon |
| 9:01 | Watch Tower |
| 9:40 | Peon |
| 9:40 | Peon |
| 9:42 | Berserker Upgrade |
| 9:43 | Arcanite Armor |
| 9:50 | Serpent Ward |
| 10:05 | Watch Tower |
| 10:36 | Troll Berserker |
| 10:38 | Beastiary |
| 10:40 | Spirit Lodge |
| 10:42 | Lesser Clarity Potion |
| 10:46 | Healing Salve |
| 10:52 | Endurance Aura |
| 10:56 | Tiny Great Hall |
| 11:00 | Orb of Lightning |
| 11:14 | Watch Tower |
| 11:28 | Potion of Mana |
| 11:29 | Scroll of Town Portal |
| 11:51 | Wind Rider |
| 12:56 | Watch Tower |
| 12:58 | Thorium Ranged Weapons |
| 12:59 | Peon |
| 13:00 | Peon |
| 13:00 | Peon |
| 13:01 | Wind Rider |
| 13:03 | Shaman |
| 13:05 | Shaman Adept Training |
| 13:16 | Healing Wave |
| 13:33 | Feral Spirit |
| 13:54 | War Stomp |
| 14:15 | Peon |
| 14:15 | Peon |
| 14:16 | Troll Berserker |
| 14:16 | Troll Berserker |
| 14:19 | Beastiary |
| 14:21 | Watch Tower |
| 14:23 | Watch Tower |
| 14:31 | Watch Tower |
| 14:45 | Potion of Healing |
| 14:46 | Orb of Lightning |
| 14:48 | Potion of Healing |
| 15:00 | Beastiary |
| 15:04 | Peon |
| 15:04 | Peon |
| 15:04 | Peon |
| Right click | 352 |
| Select | 294 |
| Build/train/purchase | 106 |
| Assign group | 44 |
| Select group | 24 |
| Use ability | 22 |
| Minimap ping | 2 |

| Healing Salve | 2 | 200 |
| Lesser Clarity Potion | 2 | 140 |
| total: | 4 | 340g |
| Peon | 16 | 1200 | / | 0 |
| Troll Headhunter | 16 | 2240 | / | 320 |
| total: | 32 | 3440g | / | 320w |
| Watch Tower | 6 | 660 | / | 480 |
| Orc Burrow | 3 | 480 | / | 120 |
| War Mill | 1 | 205 | / | 0 |
| Barracks | 2 | 360 | / | 100 |
| Altar of Storms | 1 | 180 | / | 50 |
| Voodoo Lounge | 1 | 130 | / | 30 |
| Great Hall | 2 | 770 | / | 370 |
| Stronghold | 1 | 315 | / | 190 |
| Fortress | 1 | 325 | / | 190 |
| total: | 16 | 2785g | / | 1150w |
| 0:03 | Peon |
| 0:03 | Peon |
| 0:03 | Peon |
| 0:03 | Peon |
| 0:03 | Peon |
| 0:21 | Orc Burrow |
| 0:40 | War Mill |
| 0:48 | Peon |
| 1:12 | Barracks |
| 1:23 | Peon |
| 1:38 | Orc Burrow |
| 1:41 | Peon |
| 1:54 | Altar of Storms |
| 2:00 | Peon |
| 2:27 | Barracks |
| 2:35 | Troll Headhunter |
| 2:53 | Watch Tower |
| 3:07 | Troll Headhunter |
| 3:14 | Voodoo Lounge |
| 3:19 | Troll Headhunter |
| 3:22 | Spiked Barricades |
| 3:43 | Troll Headhunter |
| 3:48 | Troll Headhunter |
| 4:06 | Troll Headhunter |
| 4:12 | War Stomp |
| 4:24 | Orc Burrow |
| 5:00 | Endurance Aura |
| 5:31 | Watch Tower |
| 5:36 | Watch Tower |
| 5:41 | Healing Salve |
| 5:41 | Lesser Clarity Potion |
| 6:07 | Stronghold |
| 7:15 | Endurance Aura |
| 7:30 | Troll Headhunter |
| 7:32 | Steel Armor |
| 7:40 | Great Hall |
| 8:02 | Lesser Clarity Potion |
| 8:03 | Healing Salve |
| 8:07 | Troll Headhunter |
| 8:51 | Great Hall |
| 9:29 | Reinforced Defenses |
| 9:32 | Improved Spiked Barricades |
| 10:03 | Troll Regeneration |
| 10:21 | Troll Headhunter |
| 10:34 | Troll Headhunter |
| 10:47 | Troll Headhunter |
| 11:04 | Troll Headhunter |
| 11:33 | Troll Headhunter |
| 11:37 | Peon |
| 11:43 | Peon |
| 12:08 | Steel Ranged Weapons |
| 12:12 | Peon |
| 12:12 | Peon |
| 12:12 | Peon |
| 12:55 | Fortress |
| 12:57 | Thorium Armor |
| 13:04 | Peon |
| 14:06 | Watch Tower |
| 14:07 | Watch Tower |
| 14:10 | Watch Tower |
| 14:18 | Troll Headhunter |
| 14:27 | Troll Headhunter |
| 14:29 | Troll Headhunter |
| 14:48 | Thorium Ranged Weapons |
| 14:58 | Peon |
| 15:21 | Berserker Upgrade |
| Right click | 378 |
| Select | 251 |
| Build/train/purchase | 68 |
| Resource trade | 17 |
| Assign group | 13 |
| Use ability | 7 |
| Select group | 2 |
| Remove unit | 1 |
⇛